[Event "2015 Canadian Closed"]
[Site "Guelph, Ontario"]
[Date "2015.07.13"]
[Round "6.18"]
[White "Drkulec, Vlad"]
[Black "Zhong, Joey"]
[Result "0-1"]
[ECO "A67"]
[WhiteElo "1950"]
[BlackElo "2114"]
[PlyCount "112"]
[EventDate "2015.??.??"]
[SourceDate "2015.07.10"]
[TimeControl "40/5400+30:1800+30"]

1. d4 Nf6 2. c4 c5 3. d5 e6 4. Nc3 exd5 5. cxd5 d6 6. e4 g6 7. f4 Bg7 8. Bb5+
Nfd7 9. a4 O-O 10. Nf3 Na6 11. O-O Nb4 12. a5 a6 13. Bc4 Re8 14. Re1 b5 15.
axb6 Nxb6 16. Bf1 Bg4 17. Be3 f5 18. e5 dxe5 19. Bxc5 Nd7 20. Bf2 Bxf3 21. gxf3
Rb8 22. d6 Kh8 23. fxe5 Nxe5 24. f4 Ng4 25. Rxe8+ Qxe8 26. Bd4 Nc6 27. Bxg7+
Kxg7 28. Qd2 Rb4 29. d7 Qd8 30. Ra4 Qb6+ 31. Kh1 Rxb2 32. Nd5 Rxd2 33. Nxb6
Rxh2+ 34. Kg1 Rd2 35. Bg2 Rd1+ 36. Bf1 Nb8 37. Ra3 Nxd7 38. Nxd7 Rxd7 39. Bxa6
Rd4 40. Rf3 Kf6 41. Kg2 Re4 42. Kg3 Re3 43. Bc4 Rxf3+ 44. Kxf3 h6 45. Bb3 Ke7
46. Ba2 Nf6 47. Ke3 Ne4 48. Bb1 Nd6 49. Ba2 Kf6 50. Bd5 Nc8 51. Bc6 g5 52.
fxg5+ hxg5 53. Bf3 Nb6 54. Bd1 Ke5 55. Kf3 Nc8 56. Kg3 Ne7 0-1

[Event "2015 Canadian Closed"]
[Site "Guelph, Ontario"]
[Date "2015.07.13"]
[Round "6.21"]
[White "Doknjas, Neil"]
[Black "Surya, Benito"]
[Result "0-1"]
[ECO "B03"]
[WhiteElo "1789"]
[BlackElo "1938"]
[PlyCount "58"]
[EventDate "2015.??.??"]
[SourceDate "2015.07.10"]
[TimeControl "40/5400+30:1800+30"]

1. e4 Nf6 2. e5 Nd5 3. d4 d6 4. c4 Nb6 5. exd6 exd6 6. Nc3 Be7 7. Bd3 Bf6 8.
Nge2 Nc6 9. Be3 Bg4 10. f3 Bh5 11. Ne4 Bh4+ 12. N2g3 Bg6 13. Bf2 d5 14. cxd5
Nxd5 15. O-O O-O 16. a3 Re8 17. Qd2 f5 18. Nc3 Bg5 19. Qc2 Ne3 20. Bxe3 Bxe3+
21. Kh1 Nxd4 22. Qa4 c6 23. Rae1 b5 24. Qb4 a5 25. Qc5 Qh4 26. Nd1 Nxf3 27.
Rxf3 Bxc5 28. Rxe8+ Rxe8 29. Rf1 Bd6 0-1

[Event "2015 Canadian Closed"]
[Site "Guelph, Ontario"]
[Date "2015.07.14"]
[Round "7.9"]
[White "Barron, Michael"]
[Black "Gentes, Kevin"]
[Result "1-0"]
[ECO "C91"]
[WhiteElo "2306"]
[BlackElo "2353"]
[PlyCount "87"]
[EventDate "2015.??.??"]
[SourceDate "2015.07.10"]
[TimeControl "40/5400+30:1800+30"]

1. e4 e5 2. Nf3 Nc6 3. Bb5 a6 4. Ba4 Nf6 5. O-O Be7 6. Re1 b5 7. Bb3 d6 8. c3
O-O 9. d4 Bg4 10. d5 Na5 11. Bc2 c6 12. h3 Bc8 13. dxc6 Qc7 14. Nbd2 Qxc6 15.
Nf1 Nc4 16. a4 Be6 17. Qe2 Rfe8 18. Bd3 Nd7 19. b3 Ncb6 20. axb5 axb5 21. Bb2
Bxb3 22. Bxb5 Qc7 23. Ne3 Be6 24. c4 Reb8 25. Nd5 Bxd5 26. cxd5 Nc5 27. Bc6
Rxa1 28. Rxa1 Nbd7 29. Bc3 Nf6 30. Nd2 g6 31. g3 Kg7 32. Kg2 Nb3 33. Ra4 Nd7
34. Nxb3 Rxb3 35. Qc4 Nc5 36. Ra8 Rxc3 37. Qxc3 Nxe4 38. Qe3 Nc5 39. Qa3 Qb6
40. Qa7 Qb2 41. Qxe7 Ne4 42. Qa7 Qe2 43. Qe3 Qc4 44. Ra4 1-0

[Event "2015 Canadian Closed"]
[Site "Guelph, Ontario"]
[Date "2015.07.14"]
[Round "7.11"]
[White "Dougherty, Michael"]
[Black "Vettese, Nicholas"]
[Result "0-1"]
[ECO "E21"]
[WhiteElo "2285"]
[BlackElo "2316"]
[PlyCount "76"]
[EventDate "2015.??.??"]
[SourceDate "2015.07.10"]
[TimeControl "40/5400+30:1800+30"]

1. d4 Nf6 2. c4 e6 3. Nc3 Bb4 4. Nf3 Ne4 5. Qc2 f5 6. g3 O-O 7. Bg2 d6 8. O-O
Bxc3 9. bxc3 Nd7 10. Ne1 Nef6 11. Rb1 Rb8 12. Ba3 Kh8 13. f4 Re8 14. Nf3 c5 15.
Ng5 Qc7 16. e4 h6 17. exf5 exf5 18. Nf3 Ne4 19. dxc5 dxc5 20. Rbe1 Ndf6 21. Ne5
b6 22. Bc1 Bb7 23. Bh3 Qc8 24. Re3 Kh7 25. Bd2 g6 26. Be1 h5 27. Bg2 Ng4 28.
Rxe4 Bxe4 29. Bxe4 fxe4 30. Qxe4 Nxe5 31. fxe5 Rf8 32. Rxf8 Qxf8 33. Bd2 Qf5
34. Qxf5 gxf5 35. Kf2 Rd8 36. Ke2 Kg6 37. h4 Kf7 38. Bg5 Rd7 0-1

[Event "2015 Canadian Closed"]
[Site "Guelph, Ontario"]
[Date "2015.07.14"]
[Round "7.12"]
[White "Hamilton, Robert"]
[Black "Doknjas, John"]
[Result "1/2-1/2"]
[ECO "A31"]
[WhiteElo "2279"]
[BlackElo "2316"]
[PlyCount "83"]
[EventDate "2015.??.??"]
[SourceDate "2015.07.10"]
[TimeControl "40/5400+30:1800+30"]

1. d4 Nf6 2. c4 c5 3. Nf3 cxd4 4. Nxd4 e5 5. Nb5 d5 6. cxd5 Qa5+ 7. N5c3 b5 8.
Nd2 b4 9. Nce4 Nxe4 10. Nxe4 Bb7 11. Ng3 Bxd5 12. e4 Be6 13. Bd2 Bc5 14. Rc1
O-O 15. Bc4 Bxc4 16. Rxc4 Nd7 17. a3 Qb5 18. Qb3 Nb6 19. Rc1 a5 20. Qf3 bxa3
21. bxa3 Rad8 22. Qe2 Qxe2+ 23. Kxe2 Bxa3 24. Rc6 Nd7 25. Bxa5 Rc8 26. Rxc8
Rxc8 27. Rd1 Nf6 28. Rd3 Bf8 29. Bd8 Rc6 30. Bxf6 Rxf6 31. Rd8 g6 32. Rd5 Re6
33. Nf1 Bh6 34. h4 Re7 35. Nh2 f6 36. Rd6 Kf7 37. Ng4 Bg7 38. Ne3 Re6 39. Rd7+
Re7 40. Rd3 Ra7 41. Rb3 Bf8 42. Rc3 1/2-1/2

[Event "2015 Canadian Closed"]
[Site "Guelph, Ontario"]
[Date "2015.07.14"]
[Round "7.18"]
[White "Li, Yinshi"]
[Black "Surya, Benito"]
[Result "1-0"]
[ECO "D32"]
[WhiteElo "2211"]
[BlackElo "1938"]
[PlyCount "91"]
[EventDate "2015.??.??"]
[SourceDate "2015.07.10"]
[TimeControl "40/5400+30:1800+30"]

1. d4 Nf6 2. c4 e6 3. Nf3 c5 4. Nc3 d5 5. cxd5 exd5 6. Bg5 Be6 7. e3 Nc6 8. Be2
c4 9. O-O Be7 10. b3 cxb3 11. Qxb3 Rb8 12. Ne1 O-O 13. Nd3 Na5 14. Qa4 b5 15.
Qd1 Nc4 16. Bf3 Qd7 17. Nf4 b4 18. Bxf6 bxc3 19. Bxe7 Qxe7 20. Qd3 Rfc8 21.
Qxc3 Ne5 22. Qd2 Nxf3+ 23. gxf3 g5 24. Nxe6 fxe6 25. Kh1 Rf8 26. Qe2 Qf6 27.
Rg1 Kh8 28. Rg3 h5 29. f4 g4 30. f3 Qf5 31. fxg4 Qe4+ 32. Qf3 Rb1+ 33. Rxb1
Qxb1+ 34. Rg1 Qxa2 35. gxh5 Qc2 36. Qg2 Qxg2+ 37. Rxg2 Rf5 38. Rg6 Rxh5 39.
Rxe6 Kg7 40. Re7+ Kf6 41. Rxa7 Rh3 42. Ra3 Rh5 43. Kg2 Kf5 44. Ra8 Ke4 45. Re8+
Kd3 46. Kg3 1-0

[Event "2015 Canadian Closed"]
[Site "Guelph, Ontario"]
[Date "2015.07.14"]
[Round "7.20"]
[White "Piccinin, Mario"]
[Black "Manley, Jason"]
[Result "0-1"]
[ECO "A03"]
[WhiteElo "2068"]
[BlackElo "2164"]
[PlyCount "42"]
[EventDate "2015.??.??"]
[SourceDate "2015.07.10"]
[TimeControl "40/5400+30:1800+30"]

1. f4 d5 2. Nf3 Bg4 3. e3 Nd7 4. Be2 e6 5. d3 Ngf6 6. Nbd2 Bd6 7. O-O c6 8. Kh1
Qb6 9. Ng1 h5 10. e4 e5 11. exd5 cxd5 12. fxe5 Nxe5 13. Ngf3 O-O-O 14. Nxe5
Bxe5 15. Nf3 Bc7 16. g3 Bh3 17. Re1 Ng4 18. Qd2 Nf2+ 19. Kg1 Nxd3+ 20. Qe3 Nxe1
21. Nxe1 Rhe8 0-1

[Event "2015 Canadian Closed"]
[Site "Guelph, Ontario"]
[Date "2015.07.14"]
[Round "7.21"]
[White "Jung, Hans"]
[Black "Doknjas, Neil"]
[Result "1-0"]
[ECO "A00"]
[WhiteElo "2294"]
[BlackElo "1789"]
[PlyCount "85"]
[EventDate "2015.??.??"]
[SourceDate "2015.07.10"]
[TimeControl "40/5400+30:1800+30"]

1. Nc3 d5 2. e4 d4 3. Nce2 e5 4. Ng3 Bd6 5. Bc4 Nf6 6. d3 O-O 7. h3 c5 8. Nf3
Nc6 9. a3 a6 10. O-O b5 11. Ba2 a5 12. a4 Ba6 13. axb5 Bxb5 14. Nf5 a4 15. Bg5
Na5 16. Nxe5 Bxe5 17. f4 Qe8 18. Nxg7 Kxg7 19. fxe5 Qxe5 20. Bxf6+ Qxf6 21.
Rxf6 Kxf6 22. Qg4 Ke7 23. Qg5+ Ke8 24. Qxc5 Bd7 25. Rf1 Nc6 26. e5 Ne7 27. Qxd4
Rc8 28. e6 Bxe6 29. Bxe6 fxe6 30. Qxa4+ Nc6 31. Rxf8+ Kxf8 32. b4 Ne7 33. c4
Rd8 34. Qa1 Ng6 35. Qf6+ Ke8 36. Qxe6+ Ne7 37. Qe4 Rb8 38. b5 Kd8 39. Qxh7 Kd7
40. d4 Rc8 41. c5 Rc7 42. b6 Rb7 43. d5 1-0

[Event "2015 Canadian Closed"]
[Site "Guelph, Ontario"]
[Date "2015.07.15"]
[Round "8.5"]
[White "Oussedik, Elias"]
[Black "Zhu, Hong Rui"]
[Result "1/2-1/2"]
[ECO "A84"]
[WhiteElo "2328"]
[BlackElo "2304"]
[PlyCount "33"]
[EventDate "2015.??.??"]
[SourceDate "2015.07.10"]
[TimeControl "40/5400+30:1800+30"]

1. d4 d5 2. c4 e6 3. e3 c6 4. Nc3 f5 5. Qc2 Bd6 6. Bd3 Nf6 7. f3 O-O 8. Nge2 b6
9. Bd2 Ba6 10. cxd5 Nxd5 11. a3 Bxd3 12. Qxd3 Nxc3 13. Bxc3 Qe7 14. O-O c5 15.
Rfd1 Nc6 16. Qc4 cxd4 17. Nxd4 1/2-1/2

[Event "2015 Canadian Closed"]
[Site "Guelph, Ontario"]
[Date "2015.07.15"]
[Round "8.8"]
[White "Cao, Jason"]
[Black "Barron, Michael"]
[Result "1-0"]
[ECO "C91"]
[WhiteElo "2439"]
[BlackElo "2306"]
[PlyCount "77"]
[EventDate "2015.??.??"]
[SourceDate "2015.07.10"]
[TimeControl "40/5400+30:1800+30"]

1. e4 e5 2. Nf3 Nc6 3. Bb5 a6 4. Ba4 Nf6 5. O-O Be7 6. Re1 b5 7. Bb3 O-O 8. c3
d6 9. d4 Bg4 10. d5 Na5 11. Bc2 c6 12. h3 Bc8 13. dxc6 Qc7 14. Nbd2 Qxc6 15.
Nf1 Nc4 16. Ng3 Re8 17. a4 Be6 18. b3 Nb6 19. a5 Nbd7 20. Bd2 h6 21. Nh4 d5 22.
Nhf5 Bf8 23. exd5 Bxd5 24. f3 Rad8 25. b4 e4 26. Nd4 Qb7 27. fxe4 Nxe4 28. Nxe4
Bxe4 29. Rxe4 Rxe4 30. Qf3 Rde8 31. Rf1 Nf6 32. Bxh6 gxh6 33. Qxf6 Re2 34. Nxe2
Rxe2 35. Rf3 Qc7 36. Bb3 Re7 37. Rf4 Bg7 38. Rg4 Qe5 39. Rxg7+ 1-0

[Event "2015 Canadian Closed"]
[Site "Guelph, Ontario"]
[Date "2015.07.15"]
[Round "8.16"]
[White "Li, Yinshi"]
[Black "Noritsyn, Sergey"]
[Result "1-0"]
[ECO "D27"]
[WhiteElo "2211"]
[BlackElo "2090"]
[PlyCount "95"]
[EventDate "2015.??.??"]
[SourceDate "2015.07.10"]
[TimeControl "40/5400+30:1800+30"]

1. d4 d5 2. Nf3 Nf6 3. c4 dxc4 4. e3 e6 5. Bxc4 c5 6. O-O a6 7. b3 b5 8. Be2
cxd4 9. Nxd4 e5 10. Nf3 Qxd1 11. Rxd1 Nc6 12. Bb2 e4 13. Nfd2 Be7 14. Nc3 Bf5
15. g4 Bxg4 16. Bxg4 Nxg4 17. Nd5 Bd8 18. Nxe4 O-O 19. Rac1 Nce5 20. h3 Nf3+
21. Kg2 Nh4+ 22. Kf1 Re8 23. Nd6 Nh2+ 24. Ke2 Re6 25. Nb7 Bb6 26. Bd4 Bd8 27.
Nf4 Re7 28. Nxd8 Rxd8 29. Bf6 gxf6 30. Rxd8+ Kg7 31. Rg1+ Kh6 32. Rd6 Ng6 33.
Nxg6 hxg6 34. Rg2 Rc7 35. Rxh2 Rc2+ 36. Rd2 Rc6 37. Rg2 Kh5 38. Rg4 f5 39. Rgd4
a5 40. Rd6 Rc5 41. R6d5 Rc3 42. Rxb5 Kh4 43. Kf3 Kxh3 44. Rd1 Kh4 45. Rg1 Rc8
46. Rxa5 Rg8 47. b4 Kh3 48. Rh1# 1-0

[Event "2015 Canadian Closed"]
[Site "Guelph, Ontario"]
[Date "2015.07.15"]
[Round "8.18"]
[White "Zhou, Qiyu"]
[Black "Filipovich, David"]
[Result "1/2-1/2"]
[ECO "B07"]
[WhiteElo "2221"]
[BlackElo "2198"]
[PlyCount "82"]
[EventDate "2015.??.??"]
[SourceDate "2015.07.10"]
[TimeControl "40/5400+30:1800+30"]

1. e4 g6 2. d4 Bg7 3. Nf3 d6 4. Nbd2 Nf6 5. Bd3 O-O 6. O-O Nc6 7. c3 e5 8. Re1
Re8 9. Bb5 Bd7 10. a4 a6 11. Bc4 b5 12. Bb3 Na5 13. Bc2 c5 14. dxc5 dxc5 15. b4
cxb4 16. cxb4 Nc6 17. Ba3 Bg4 18. h3 Bxf3 19. Nxf3 Qb6 20. Qe2 Nd4 21. Nxd4
exd4 22. Bb2 Nd5 23. axb5 d3 24. Qxd3 Bxb2 25. Qxd5 Bxa1 26. Rxa1 Qxb5 27. Bb3
Qxd5 28. Bxd5 Rab8 29. Rxa6 Re7 30. Ra8 Rxa8 31. Bxa8 Rc7 32. b5 Rc1+ 33. Kh2
Rb1 34. Bc6 Rb3 35. f3 Kf8 36. Kg3 Rb2 37. h4 Ke7 38. Kh3 f6 39. g3 Kd6 40. Kg4
Rg2 41. f4 Rg1 1/2-1/2

[Event "2015 Canadian Closed"]
[Site "Guelph, Ontario"]
[Date "2015.07.15"]
[Round "8.20"]
[White "Surya, Benito"]
[Black "Piccinin, Mario"]
[Result "1-0"]
[ECO "B01"]
[WhiteElo "1938"]
[BlackElo "2068"]
[PlyCount "73"]
[EventDate "2015.??.??"]
[SourceDate "2015.07.10"]
[TimeControl "40/5400+30:1800+30"]

1. e4 d5 2. exd5 Nf6 3. Nf3 Qxd5 4. Nc3 Qh5 5. d4 Bg4 6. Be2 Nc6 7. O-O O-O-O
8. h3 e5 9. hxg4 Nxg4 10. Nh4 f5 11. Bxg4 fxg4 12. g3 Nxd4 13. Kg2 Bb4 14. Be3
Nf3 15. Qe2 Bxc3 16. bxc3 Rhf8 17. Rh1 Qf7 18. Kf1 g5 19. Nxf3 gxf3 20. Qb5 Rd5
21. Qa4 Qf5 22. c4 Rd6 23. Bc5 Ra6 24. Qb3 Rff6 25. Rb1 Qe4 26. Qb5 Rfe6 27. a3
Qxc2 28. Qxb7+ Kd7 29. Qb3 Rh6 30. Rxh6 Rxh6 31. Kg1 Qe4 32. Rd1+ Ke6 33. Qd3
Kf5 34. g4+ Kf4 35. Be3+ Qxe3 36. Qxe3+ Kxg4 37. Qxe5 1-0

[Event "2015 Canadian Closed"]
[Site "Guelph, Ontario"]
[Date "2015.07.16"]
[Round "9.8"]
[White "Humphreys, Michael"]
[Black "Doknjas, Joshua"]
[Result "1-0"]
[ECO "D10"]
[WhiteElo "2348"]
[BlackElo "2083"]
[PlyCount "43"]
[EventDate "2015.??.??"]
[SourceDate "2015.07.10"]
[TimeControl "40/5400+30:1800+30"]

1. d4 d5 2. c4 c6 3. Nc3 dxc4 4. e4 b5 5. a4 b4 6. Nb1 Ba6 7. Qc2 Nf6 8. Nd2
Qxd4 9. Ngf3 Qd8 10. Bxc4 Bxc4 11. Nxc4 e6 12. Bf4 Nbd7 13. Rd1 Be7 14. Nfe5
Rc8 15. O-O c5 16. Nxd7 Nxd7 17. Rd2 Rc7 18. Rfd1 Rb7 19. Ne5 Qb8 20. Rxd7 Rxd7
21. Rxd7 Bf6 22. Qxc5 1-0